 Dungeon Crawl Stone Soup version 0.21.1-1-g345015fe64 (webtiles) character file.

2161 getche the Fighter (level 9, 0/94 HPs)
             Began as a Minotaur Berserker on June 15, 2018.
             Was a Priest of Trog.
             Succumbed to an orc warrior's poison
             ... while paralysed
             ... on level 7 of the Dungeon.
             The game lasted 00:46:22 (6350 turns).

getche the Fighter (Minotaur Berserker)             Turns: 6350, Time: 00:46:22

Health: 0/94       AC: 13    Str: 26    XL:     9   Next: 10%
Magic:  8/8        EV:  2    Int:  4    God:    Trog [***...]
Gold:   375        SH:  0    Dex:  9    Spells: 8/8 levels left

rFire    . . .     SeeInvis .   K - +0 scimitar
rCold    . . .     Gourm    .   x - +0 buckler
rNeg     . . .     Faith    .   z - +1 plate armour
rPois    .         Spirit   .   (helmet restricted)
rElec    .         Reflect  .   (no cloak)
rCorr    .         Harm     .   E - +0 pair of gloves
MR       +....                  (no boots)
Stlth    ..........             (no amulet)
HPRegen  0.25/turn              t - ring of protection from magic
MPRegen  0.11/turn              A - ring of stealth

@: paralysed, lethally poisoned (0 -> -16), berserk cooldown, slowed
A: retaliatory headbutt, horns 2
a: Berserk, Trog's Hand, Burn Spellbooks, Renounce Religion


You were on level 7 of the Dungeon.
You worshipped Trog.
Trog was most pleased with you.
You were hungry.

You visited 1 branch of the dungeon, and saw 7 of its levels.

You collected 375 gold pieces.

Inventory:

Hand Weapons
 a - a +0 falchion
 m - a +0 hunting sling
 K - a +0 scimitar (weapon)
Missiles
 b - 5 curare-tipped needles
 f - 44 arrows
 k - 140 stones (quivered)
 l - 49 sling bullets
 q - a throwing net
 w - 89 bolts
Armour
 x - a +0 buckler (worn)
 z - a +1 plate armour (worn)
 E - a +0 pair of gloves (worn)
Jewellery
 t - a ring of protection from magic (left hand)
 A - a ring of stealth (right hand)
 F - the ring of Onoqej {EV+2 Int+2, unknown}
   (You found it on level 5 of the Dungeon)

   [ring of evasion]

   It affects your evasion (+2).
   It affects your intelligence (+2).
 G - an uncursed ring of protection from fire {unknown}
Wands
 M - a wand of polymorph (17)
Scrolls
 i - 6 scrolls of identify
 o - a scroll of enchant armour
 p - 8 scrolls of teleportation
 s - a scroll of fear {unknown}
 u - 4 scrolls of remove curse
 v - a scroll of noise
 y - a scroll of enchant weapon {unknown}
 D - 2 scrolls of immolation
 I - a scroll of random uselessness {unknown}
 J - a scroll of torment {unknown}
Potions
 d - a potion of magic {unknown}
 e - 2 potions of curing
 g - 2 potions of resistance {unknown}
 h - 2 potions of agility {unknown}
 j - 2 potions of degeneration {unknown}
 n - a potion of ambrosia
 r - a potion of heal wounds
 B - a potion of brilliance {unknown}
 C - a potion of flight {unknown}
 H - a potion of berserk rage {unknown}
Comestibles
 c - 6 rations
 L - 2 chunks of flesh


   Skills:
 * Level 13.8 Fighting
 + Level 4.7 Long Blades
 - Level 2.4 Armour
 - Level 2.1 Dodging


You had 8 spell levels left.
You didn't know any spells.

Dungeon Overview and Level Annotations

Branches:
Dungeon (7/15)             Temple (0/1) D:4

Altars:
Cheibriados
Gozag
Nemelex Xobeh
Trog
Yredelemnul
The Shining One

Annotations:
D:7 Prince Ribbit


Innate Abilities, Weirdness & Mutations

You reflexively headbutt those who attack you in melee.
You have a pair of horns on your head.


Message History

Trog accepts your kill.
* * * LOW HITPOINT WARNING * * *
You feel sick.
* * * LOW HITPOINT WARNING * * *
You feel sick.
Items here: ( )) [ † a dagger; a glaive of venom; 6 tomahawks; a plate armour; an orc corpse You feel a strong urge to attack something.
* * * LOW HITPOINT WARNING * * *
You feel sick.
Things that are here:
a club; a ring mail; an orc corpse You are no longer berserk.
You pass out from exhaustion.
You feel yourself slow down.
* * * LOW HITPOINT WARNING * * *
You feel sick.
* * * LOW HITPOINT WARNING * * *
You feel sick.
You die...

## #.# ## #.####.# #.
#..#.# ###
#..######...# #..#
#....@).....# ##..#
#..#####.....###..#####
####............
###..##........
#....##.......#
#...####...#### #...#
#...## #..## ##...##
#.## #....##


There were no monsters in sight!

Vanquished Creatures
  Pikel (D:5)
  The ghost of Tegun the Chopper, a novice DsFi (D:4)
  A hippogriff (D:7)
  Menkaure (D:4)
  A water moccasin (D:6)
  An orc warrior (D:7)
  4 slaves (D:5)
  An ogre (D:6)
  The ghost of Sapher the Grave Robber, an amateur GnNe (D:5)
  A crocodile (D:7)
  A wyvern skeleton (D:2)
  A scorpion (D:4)
  A crimson imp (D:6)
  A centaur zombie (D:7)
  A hound (D:6)
  An orc priest (D:3)
  A jelly (D:7)
  Crazy Yiuf (D:3)
  2 centaur skeletons
  An iguana (D:7)
  An orc wizard (D:3)
  3 worker ants
  A killer bee zombie (D:6)
  A worker ant zombie (D:6)
  Robin (D:2)
  4 adders
  3 oozes
  3 adder skeletons
  An adder zombie (D:7)
  3 worms
  A dart slug (D:4)
  5 leopard geckos
  15 orcs
  3 ball pythons
  10 bats
  4 giant cockroaches
  2 gnoll zombies (D:4)
  16 goblins
  9 hobgoblins
  2 quokkas (D:2)
  5 frilled lizards
  4 kobolds
  A quokka skeleton (D:4)
  9 rats
131 creatures vanquished.

Notes
Turn   | Place    | Note
-------+----------+-------------------------------------------
     0 | D:1      | getche the Minotaur Berserker began the quest for the Orb.
     0 | D:1      | Reached XP level 1. HP: 19/19 MP: 0/0
   246 | D:1      | Reached skill level 4 in Fighting
   299 | D:1      | Reached XP level 2. HP: 27/28 MP: 1/1
  1041 | D:2      | Reached skill level 5 in Fighting
  1050 | D:2      | Noticed Robin
  1059 | D:2      | Killed Robin
  1059 | D:2      | Reached XP level 3. HP: 31/36 MP: 2/2
  1120 | D:2      | Reached skill level 6 in Fighting
  1120 | D:2      | Reached XP level 4. HP: 45/45 MP: 3/3
  1277 | D:2      | Reached ** piety under Trog
  2033 | D:2      | Reached skill level 7 in Fighting
  2033 | D:2      | Reached XP level 5. HP: 52/52 MP: 4/4
  2568 | D:3      | Found a runed door.
  2684 | D:3      | Noticed Crazy Yiuf
  2697 | D:3      | Killed Crazy Yiuf
  2697 | D:3      | Reached skill level 8 in Fighting
  2841 | D:3      | Reached XP level 6. HP: 61/61 MP: 5/5
  2889 | D:3      | Reached *** piety under Trog
  3057 | D:4      | Noticed Tegun's ghost (novice DsFi)
  3153 | D:5      | Entered Level 5 of the Dungeon
  3262 | D:4      | Found a basalt altar of Yredelemnul.
  3317 | D:4      | Found a bloodstained altar of Trog.
  3403 | D:4      | Found an opulent altar of Gozag.
  3420 | D:4      | Noticed Menkaure
  3426 | D:4      | Killed Menkaure
  3426 | D:4      | Reached skill level 9 in Fighting
  3573 | D:4      | Found a staircase to the Ecumenical Temple.
  3627 | D:4      | Killed Tegun's ghost
  3627 | D:4      | Reached skill level 10 in Fighting
  3627 | D:4      | Reached XP level 7. HP: 73/73 MP: 6/6
  3737 | D:4      | Found a snail-covered altar of Cheibriados.
  4065 | D:5      | Got a pitted bone ring
  4175 | D:5      | Noticed Pikel
  4178 | D:5      | Noticed Sapher's ghost (amateur GnNe)
  4199 | D:5      | Killed Sapher's ghost
  4199 | D:5      | Reached skill level 11 in Fighting
  4239 | D:5      | Killed Pikel
  4239 | D:5      | Reached skill level 12 in Fighting
  4239 | D:5      | Reached XP level 8. HP: 12/84 MP: 7/7
  4584 | D:5      | Found a glowing golden altar of the Shining One.
  4714 | D:5      | Found a sparkling altar of Nemelex Xobeh.
  4930 | D:7      | Noticed a hippogriff
  4953 | D:7      | Noticed Prince Ribbit
  5479 | D:6      | Reached skill level 13 in Fighting
  5954 | D:7      | Killed a hippogriff
  6111 | D:7      | Reached XP level 9. HP: 83/94 MP: 8/8
  6337 | D:7      | HP: 2/94 [orc warrior/glaive of venom (11)]
  6346 | D:7      | HP: 7/141 [poisoned by an orc warrior]
  6348 | D:7      | HP: 2/94 [poisoned by an orc warrior]
  6350 | D:7      | Succumbed to an orc warrior's poison

Skill      XL: |  1  2  3  4  5  6  7  8 |
---------------+-------------------------+-----
Fighting       | 4 5 6 7 8 10 12 13 | 13.8
Long Blades    | 4 |  4.7
Armour         | |  2.4
Dodging        | |  2.1

Action                   |  1- 3 |  4- 6 |  7- 9 || total
-------------------------+-------+-------+-------++-------
Melee: Falchion          |    47 |   139 |    98 ||   284
       Headbutt          |    13 |    33 |    32 ||    78
       Scimitar          |       |       |    43 ||    43
Invok: Berserk           |       |     4 |     4 ||     8
       Trog's Hand       |       |     1 |     2 ||     3
  Use: Scroll            |       |       |     5 ||     5
       Potion            |       |       |     4 ||     4
  Eat: Chunk             |       |     6 |     2 ||     8
       Ration            |       |     2 |     3 ||     5
Armor: Animal skin       |    13 |     7 |       ||    20
       Scale mail        |       |    44 |       ||    44
       Plate armour      |       |     6 |   125 ||   131
Dodge: Dodged            |    21 |    91 |    47 ||   159
Block: Buckler           |       |     5 |    22 ||    27
       Rpst.: Falchion   |     3 |    26 |    21 ||    50
       Scimitar          |       |       |     3 ||     3
